[Event "SixDays Budapest March GM A 2025"]
[Site "Budapest"]
[Date "2025.03.29"]
[Round "9.4"]
[White "Ostrovskiy, Aleksandr"]
[Black "Uskov, Artem"]
[Result "1/2-1/2"]
[Annotator "TA"]
[ECO "B51"]
[WhiteElo "2394"]
[BlackElo "2461"]
[PlyCount "40"]
[EventDate "2025.03.23"]
[EventCountry "HUN"]
[SourceTitle "playchess.com"]
[Source "ChessBase"]
[SourceQuality "1"]
[TimeControl "5400+30"]

1. e4 c5 2. Nf3 d6 3. Bb5+ Nd7 4. a4 Ngf6 5. Nc3 a6 6. Be2 {[%emt 0:00:36] B51: Sicilian: Moscow Variation (3 Bb5+) without 3...Bd7.} g6 7. O-O Bg7 8. a5 {[%emt 0:00:28] White is slightly better.} O-O 9. d3 b5 10. axb6 a5 11. e5 dxe5 12. Nd2 Qxb6 13. Nc4 Qc7 14. Bf3 {[%emt 0:01:02] Weighted Error Value: White=0.05 (flawless) /Black=0.03 (flawless)   Inaccurate:     	White=1     	---        OK:         	White=3     	Black=6      Best:        	White=2     	---} Ra6 $146 15. Re1 e6 16. Bd2 Bb7 17. Bxb7 Qxb7 18. Nxa5 Qc7 19. Nc4 Rxa1 20. Qxa1 Nd5 {1-0 Mishra,A (2505)-Raja,H (2482) Saint Louis Spring-B 2022 (3.4)} 1/2-1/2

[Event "SixDays Budapest March GM A 2025"]
[Site "Budapest"]
[Date "2025.03.29"]
[Round "9.5"]
[White "Rohrer, Christophe"]
[Black "Pap, Misa"]
[Result "1/2-1/2"]
[Annotator "TA"]
[ECO "B31"]
[WhiteElo "2266"]
[BlackElo "2457"]
[PlyCount "100"]
[EventDate "2025.03.23"]
[EventCountry "HUN"]
[SourceTitle "playchess.com"]
[Source "ChessBase"]
[SourceQuality "1"]
[TimeControl "5400+30"]

1. e4 c5 2. Nf3 Nc6 3. Bb5 g6 4. Bxc6 bxc6 5. O-O Bg7 6. Re1 Nh6 {[%emt 0:00:36] 6...Qc7 is the fancy move.} 7. c3 O-O 8. h3 {[%emt 0:00:45] 8.d4 is vanishing. B31: Sicilian: 2...Nc6 3 Bb5 g6.} f5 9. e5 Nf7 10. d3 {[%emt 0:01:06] White has an edge.} Rb8 11. Qa4 (11. b3) 11... Rb7 $146 (11... Qc7 $11) (11... Qc7 12. Bf4 Nd8 13. Qc4+ Ne6 14. Ng5 Rxb2 15. Nxe6 dxe6 16. Nd2 g5 17. Bxg5 Bxe5 18. Qxc5 {½-½ Liang,A (2570)-Fier,A (2582) Saint Louis Spring-B 2018 (2)}) 12. Na3 $14 h6 13. h4 Qe8 (13... Qc7 $11) 14. Qc4 $16 Kh8 (14... Qd8 $142) 15. Qxc5 Nd8 16. Nd4 f4 17. Nc4 Qf7 {[%emt 0:00:29] Black is weak on the dark squares} 18. Re4 {[%emt 0:08:42] White has more active pieces.} g5 19. b3 Ne6 (19... Qh5 $16) 20. Nxe6 $18 Qxe6 21. Ba3 $36 {[%emt 0:01:13][%mdl 2048] Keeping Black busy.} Re8 (21... Qg6 $16) 22. f3 Rb5 23. Qf2 (23. Qxa7 c5 $16) 23... Rd5 24. d4 (24. Qxa7 $6 Rxd3 25. hxg5 hxg5 $16) 24... Rb5 25. Nb2 Qg6 26. Rae1 Bf8 27. Bc5 Rb7 (27... Kg8 $142 28. c4 (28. Bxa7 Ra5 $16) 28... Rb8) 28. c4 Rd8 29. hxg5 ({White should try} 29. d5 $18) 29... hxg5 (29... d6 $16 {is a better defense.}) 30. g4 (30. Nd3 $1 $18) 30... fxg3 31. Qxg3 d6 32. Ba3 Bf5 33. R4e2 dxe5 34. Rxe5 {[%emt 0:03:05][%csl Oa7,Oc6,Oe7,Og5] Black has weak pawns} Bg7 35. Rxe7 (35. d5 $16) 35... Rxe7 $11 (35... Bxd4+ 36. Kf1 Rxe7 37. Bxe7) 36. Rxe7 $2 (36. Bxe7 $11 {and White is okay.} Bxd4+ 37. Kg2) 36... Bxd4+ $19 37. Kg2 Bf6 $1 {[%emt 0:02:41] This pair of bishops is nice.} 38. Re2 {[%emt 0:00:14] Prevents Rd2} (38. Kg1 $142) 38... g4 $1 39. Kf1 {[%emt 0:05:20] [#]} Qg5 (39... gxf3 $1 $19 {and Black stays clearly on top.} 40. Rh2+ Kg7 41. Qxf3 Bg4) 40. fxg4 Bxg4 41. Rh2+ Kg8 {[%emt 0:00:04][%mdl 1024] Black has strong compensation.} 42. Rg2 {[%emt 0:01:15] [#]} (42. Nd3 $2 Be2+ 43. Kf2 Qxg3+ (43... Bxd3 44. Qxg5+ Bxg5 45. Rg2 $11) 44. Kxg3 Bxd3 $19 (44... Rxd3+ $2 45. Kf4 $19)) 42... Qc1+ $2 ({Better is} 42... Kf7 $1 $19 {White must now prevent ...Qf5+.} 43. Qc7+ (43. Qxg4 $2 {is the wrong capture.} Qc1+ $19) 43... Kg6) 43. Qe1 $11 {[%emt 0:00:29] The position is equal.} Qf4+ 44. Qf2 $1 Qc1+ 45. Qe1 {[%emt 0:00:08] The board is on fire.} Qf4+ 46. Qf2 $1 Qxf2+ 47. Kxf2 Rd2+ 48. Kf1 Rxg2 49. Kxg2 Bf5 50. Nd1 Bb1 {[%emt 0:00:07] Black had all chances to win.   Weighted Error Value: White=0.26 (precise) /Black=0.25 (precise)   Loses game:     	White=1     	---        Missed win:     	---       	Black=1      Mistake:       	White=5     	Black=8      Inaccurate:     	White=5     	Black=1      OK:         	White=13    	Black=15     Best:        	White=4     	Black=2      Strong:       	White=2     	Black=2} 1/2-1/2